 Dungeon Crawl Stone Soup version 0.30-b1-5-g8e6c1be481 (webtiles) character file.

Game seed: 11053265672817419781

12523 Gabide the Soothsayer (level 11, -16/86 HPs)
             Began as a Mummy Monk on May 4, 2023.
             Was a Priest of Nemelex Xobeh.
             Demolished by a very large slime creature (38 damage)
             ... on level 10 of the Dungeon.
             The game lasted 00:16:57 (11045 turns).

Gabide the Soothsayer (Mummy Monk)                 Turns: 11045, Time: 00:16:59

Health: -16/86     AC: 11    Str: 14    XL:     11   Next: 63%
Magic:  0/19       EV: 18    Int: 10    God:    Nemelex Xobeh [***...]
Gold:   382        SH:  0    Dex: 19    Spells: 10/10 levels left

rFire   . . .        a - +2 scimitar (flame)
rCold   + . .        c - orb {light}
rNeg    + + +        s - +1 scale mail {rF+}
rPois   ∞            k - +0 helmet
rElec   .            (no cloak)
rCorr   .            o - +1 pair of gloves
SInv    .            u - +0 pair of boots
Will    ++...        g - amulet of guardian spirit Stlth
                     m - +5 ring of evasion
HPRegen 0.34/turn    p - ring of willpower
MPRegen 0.16/turn

%: guardian spirit, faith
@: glowing
A: cold resistance 1, negative energy resistance 3, torment resistance 2, heat
vulnerability 1, in touch with death 1, no potions, faith
a: Renounce Religion, Draw Escape, Draw Destruction, Draw Summoning, Triple Draw


You were on level 10 of the Dungeon.
You worshipped Nemelex Xobeh.
Nemelex Xobeh was most pleased with you.
You visited 2 branches of the dungeon, and saw 11 of its levels.

You collected 448 gold pieces.
You spent 66 gold pieces at shops.

Inventory:

Hand Weapons
 a - a +2 scimitar of flaming (weapon)
Missiles
 v - a curare-tipped dart
Armour
 c - an orb of light (worn)
 f - +0 steam dragon scales
 k - a +0 helmet (worn)
 o - a +1 pair of gloves (worn)
 s - a +1 scale mail of fire resistance (worn)
 u - a +0 pair of boots (worn)
Jewellery
 d - an amulet of the acrobat
 g - an amulet of guardian spirit (around neck)
 m - a +5 ring of evasion (left hand)
 p - a ring of willpower (right hand)
Wands
 l - a wand of paralysis (17)
 q - a wand of iceblast (6)
 r - a wand of quicksilver (3)
Scrolls
 b - 3 scrolls of vulnerability
 e - 4 scrolls of identify
 h - a scroll of blinking
 i - 4 scrolls of teleportation
 j - 2 scrolls of fog
Miscellaneous
 t - a phial of floods


   Skills:
 - Level 8.0 Fighting
 - Level 8.0 Long Blades
 - Level 8.0 Dodging
 * Level 10.9 Invocations


You had 10 spell levels left.
You didn't know any spells.
Your spell library contained the following spells:

 Spells                   Type           Power      Damage    Failure   Level
 Freeze                   Ice            0%         1d3       86%         1
 Ensorcelled Hibernation  Hex/Ice        0%         N/A       95%         2
 Lesser Beckoning         Tloc           0%         N/A       95%         2
 Passwall                 Tmut/Erth      0%         N/A       95%         2
 Static Discharge         Conj/Air       0%         2-2/arc   95%         2
 Frozen Ramparts          Ice            0%         1d1       99%         3
 Gell's Gravitas          Tloc           0%         N/A       99%         3
 Hailstorm                Conj/Ice       0%         3d3       99%         3
 Swiftness                Air            0%         N/A       99%         3
 Teleport Other           Tloc           0%         N/A       99%         3
 Airstrike                Air            0%         2d(0-16)  100%        4
 Summon Lightning Spire   Summ/Air       0%         N/A       100%        4
 Alistair's Intoxication  Tmut/Pois      0%         N/A       100%        5
 Metabolic Englaciation   Hex/Ice        0%         N/A       100%        5
 Eringya's Noxious Bog    Tmut/Pois      0%         N/A       100%        6
 Spider Form              Tmut/Pois      Unusable   N/A       N/A         3

Dungeon Overview and Level Annotations

Branches:
Dungeon (10/15)            Temple (1/1) D:6             Orc (0/2) D:9
   Lair: D:8-11

Altars:
Ashenzari
Cheibriados
Dithmenos
Fedhas
Gozag
Hepliaklqana
Kikubaaqudgha
Makhleb
Nemelex Xobeh
Okawaru
Qazlal
Ru
Sif Muna
Trog
Uskayaw
Vehumet
Wu Jian
Xom
Yredelemnul

Shops:
D:4 :*   D:5 =   D:7 =   D:10 (

Annotations:
D:5 exclusion: 2 goblins


Innate Abilities, Weirdness & Mutations

You are immune to poison.
Your flesh is cold resistant. (rC+)
You are immune to negative energy. (rN+++)
You are immune to unholy pain and torment.
You are vulnerable to heat. (rF-)
You are in touch with the powers of death.
You do not drink.
You have a special connection with the divine. (Faith)


Message History

The very large slime creature is heavily wounded.
The very large slime creature hits you!!!
You hit the very large slime creature. You burn the very large slime creature.
The very large slime creature is heavily wounded.
The very large slime creature hits you!!
* * * LOW HITPOINT WARNING * * *
You are too injured to fight recklessly!
You are too injured to fight recklessly!
You are too injured to fight recklessly!
You are too injured to fight recklessly!
You are too injured to fight recklessly!
You are too injured to fight recklessly!
You are too injured to fight recklessly!
You are too injured to fight recklessly!
You are too injured to fight recklessly!
You are too injured to fight recklessly!
You are too injured to fight recklessly!
You are too injured to fight recklessly!
You are too injured to fight recklessly!
You are too injured to fight recklessly!
You are too injured to fight recklessly!
You are too injured to fight recklessly!
You are too injured to fight recklessly!
You are too injured to fight recklessly!
You are too injured to fight recklessly!
You are too injured to fight recklessly!
You are too injured to fight recklessly!
You are too injured to fight recklessly!
You draw... (choose one card, ? for their descriptions) a - Pain
b - the Orb
c - the Orb You have drawn Pain.
Press: ? - help, Shift-Dir - straight line, f - very large slime creature
Aim: a very large slime creature (heavily wounded, haloed)
The very large slime creature convulses!
You can no longer deal four cards at a time.
The very large slime creature hits you!!!
You die...
Your body disappears without additional glow.

....## ## .....#
#. .....## ##.#
......####...#
....#..##..#.##
.#####.#......#
######.#....#.####
.....#.#.........#
.....#.#....##.#@#
.....#.#####...#J#
.....#.....#.###.#
.....#####.#.# #.#
.....# #.#.# #.#
.....# #.#.# ...
###### #...# .#.
##### . .


You could see a very large slime creature.

Vanquished Creatures
  Josephine (D:10)
  An anaconda (D:7)
  A two-headed ogre (D:9)
  Urug (D:10)
  A swamp dragon (D:10)
  A gargoyle (D:10)
  Maggie (D:6)
  A tengu conjurer (D:9)
  A troll (D:10)
  A hornet (D:10)
  Sigmund (D:3)
  4 wraiths (D:10)
  A wyvern (D:9)
  Eustachio (D:5)
  10 yaks
  4 steam dragons
  3 vampire mosquitoes (D:8)
  Menkaure (D:6)
  An acid dragon (D:9)
  A swamp drake (D:9)
  2 black bears
  3 ice beasts
  3 orc warriors
  3 ogres
  A centaur (D:9)
  2 kobold brigands (D:8)
  2 scorpions (D:5)
  5 bullfrogs
  A gnoll sergeant (D:9)
  10 wights
  14 killer bees
  5 howler monkeys (D:9)
  2 jellies
  4 orc priests
  A hound (D:7)
  5 iguanas
  Terence (D:2)
  5 orc wizards
  12 gnolls
  12 adders
  3 shadow imps
  An ufetubus (D:5)
  4 worms
  A dart slug (D:1)
  33 orcs
  10 endoplasms
  2 giant cockroaches (D:4)
  6 goblins
  4 hobgoblins
  5 quokkas
  8 ball pythons
  8 bats
  3 frilled lizards
  13 kobolds
  5 rats
236 creatures vanquished.

Vanquished Creatures (collateral kills)
  A two-headed ogre (D:9)
  A gargoyle (D:10)
2 creatures vanquished.

Grand Total: 238 creatures vanquished

Notes
Turn   | Place    | Note
-------+----------+-------------------------------------------
     0 | D:1      | Gabide the Mummy Monk began the quest for the Orb.
     0 | D:1      | Reached XP level 1. HP: 18/18 MP: 1/1
   212 | D:1      | Reached XP level 2. HP: 22/24 MP: 2/2
   282 | D:1      | Got the Folio of Refrigeration and the Gift
   768 | D:2      | Gained mutation: You are in touch with the powers of death.
                  | [Mummy growth]
   768 | D:2      | Reached XP level 3. HP: 24/29 MP: 3/3
   992 | D:2      | Noticed Terence
  1009 | D:2      | Killed Terence
  1101 | D:2      | Reached XP level 4. HP: 29/37 MP: 4/4
  1778 | D:3      | Noticed a bullfrog
  1786 | D:3      | Killed a bullfrog
  1787 | D:3      | Reached XP level 5. HP: 34/42 MP: 5/5
  2222 | D:3      | Noticed Sigmund
  2232 | D:3      | Killed Sigmund
  2233 | D:3      | Reached XP level 6. HP: 50/50 MP: 6/6
  2746 | D:4      | Found a hazy altar of Hepliaklqana.
  2746 | D:4      | Found a burning altar of Makhleb.
  2746 | D:4      | Found a sacrificial altar of Ru.
  2753 | D:4      | Found a shimmering blue altar of Sif Muna.
  2756 | D:4      | Found a shadowy altar of Dithmenos.
  2764 | D:4      | Reached skill level 5 in Fighting
  2775 | D:4      | Found an opulent altar of Gozag.
  2934 | D:4      | Found a blossoming altar of Fedhas.
  2935 | D:4      | Found a bloodstained altar of Trog.
  2963 | D:4      | Found Gavvaokk's Assorted Antiques.
  2980 | D:4      | Bought a scroll labelled WERULO CIGUO for 22 gold pieces
  2980 | D:4      | Bought a scroll of identify for 44 gold pieces
  3067 | D:4      | Found Wontec's Tiny Tomes.
  3233 | D:4      | Reached XP level 7. HP: 56/56 MP: 7/7
  3692 | D:5      | Entered Level 5 of the Dungeon
  4257 | D:5      | Reached skill level 5 in Long Blades
  4265 | D:5      | Reached skill level 5 in Dodging
  4392 | D:5      | Found Miklyerph's Jewellery Shop.
  4459 | D:5      | Reached XP level 8. HP: 57/64 MP: 8/8
  4704 | D:5      | Noticed Eustachio
  4727 | D:5      | Killed Eustachio
  5095 | D:5      | Found an iron altar of Okawaru.
  5510 | D:6      | Noticed Maggie
  5526 | D:6      | Killed Maggie
  5857 | D:6      | Noticed Menkaure
  5865 | D:6      | Killed Menkaure
  5866 | D:6      | Reached XP level 9. HP: 72/72 MP: 9/9
  5920 | D:6      | Found a staircase to the Ecumenical Temple.
  5932 | Temple   | Entered the Ecumenical Temple
  5965 | Temple   | Became a worshipper of Nemelex Xobeh the Trickster
  5965 | Temple   | Reached * piety under Nemelex Xobeh
  5965 | Temple   | Received a gift from Nemelex Xobeh
  5965 | Temple   | Reached ** piety under Nemelex Xobeh
  6275 | D:7      | Noticed a two-headed ogre
  6281 | D:7      | a two-headed ogre changed into an anaconda
  6281 | D:7      | Noticed an anaconda
  6290 | D:7      | Killed an anaconda
  6291 | D:7      | Reached skill level 2 in Invocations
  6711 | D:7      | Found Bunkit Xush's Jewellery Shop.
  6965 | D:7      | Reached skill level 3 in Invocations
  7182 | D:7      | Reached *** piety under Nemelex Xobeh
  7356 | D:7      | Reached skill level 4 in Invocations
  7889 | D:8      | Reached XP level 10. HP: 55/80 MP: 10/13
  8015 | D:8      | Reached skill level 5 in Invocations
  8675 | D:8      | Reached skill level 6 in Invocations
  8894 | D:9      | Received a gift from Nemelex Xobeh
  9064 | D:9      | Noticed a two-headed ogre
  9072 | D:9      | Killed a two-headed ogre
  9073 | D:9      | Reached skill level 7 in Invocations
  9391 | D:9      | Reached XP level 11. HP: 61/86 MP: 10/16
  9399 | D:9      | Reached skill level 8 in Invocations
  9604 | D:9      | Noticed a two-headed ogre
  9616 | D:9      | Killed a two-headed ogre
  9637 | D:9      | Received a gift from Nemelex Xobeh
  9732 | D:9      | Received a gift from Nemelex Xobeh
  9862 | D:9      | Found a staircase to the Orcish Mines.
  9965 | D:10     | Entered Level 10 of the Dungeon
  9984 | D:10     | Reached skill level 9 in Invocations
  9992 | D:10     | Noticed Josephine
  9999 | D:10     | Killed Josephine
 10084 | D:10     | Reached skill level 10 in Invocations
 10337 | D:10     | Reached **** piety under Nemelex Xobeh
 10361 | D:10     | Found Xiof's Weapon Shop.
 10375 | D:10     | Noticed Urug
 10397 | D:10     | Killed Urug
 10681 | D:10     | Noticed Erica
 10682 | D:10     | Erica changed into Erica the swamp dragon
 10682 | D:10     | Noticed Erica
 10689 | D:10     | Killed Erica the swamp dragon
 11045 | D:10     | Demolished by a very large slime creature

Illustrated notes

Levels and vault maps discovered:
D:1:      beargit_arrival_greenhouse, layout_loops_cross, corexii_corridor_pit
D:2:      layout_loops_ring, nicolae_elevator_lobby_plus, uniq_terence
D:3:      layout_rooms, kennysheep_generic_room_13, uniq_sigmund
D:4:      layout_basic, nicolae_overflow_hallway_of_the_gods, serial_shops,
          nicolae_shop_waterfront, minmay_misc_feat_alley,
          nicolae_shop_i_like_small_books_too
D:5:      layout_basic, kennysheep_okawaru_gauntlet, serial_shops,
          nicolae_shop_gaudy_bauble, grunt_ministairs_4, uniq_eustachio
D:6:      layout_cave_pools, minmay_temple_entry_grid, uniq_maggie,
          uniq_menkaure
D:7:      layout_gridville, lemuel_coloured_pillars_altar, serial_shops, shop,
          nicolae_ossuary_entry_monument
D:8:      layout_loops_ring
D:9:      layout_big_octagon, kennysheep_mini_moat, erik_orc_1,
          lightli_fourway_metalbox
D:10:     layout_roguey, serial_shops, nicolae_diamond_shop, enter_bailey_3,
          serial_co_window_serial, co_window_of_opportunity_a,
          co_window_paths_b, co_window_corner_a, co_window_corner_a,
          co_window_paths_b, co_window_of_opportunity_c, co_window_corner_ca,
          co_window_broadway_c, co_window_corner_ca, co_window_2corner,
          co_window_paths_e, co_window_sun, glass_columns_a, uniq_erica,
          uniq_urug, uniq_josephine, uniq_harold
Temple:   chequers_temple_sunken

Skill      XL: |  1  2  3  4  5  6  7  8  9 10 11 |
---------------+----------------------------------+-----
Long Blades    | 3 4 5 6 7 8 |  8.0
Dodging        | 3 4 5 6 7 8 |  8.0
Fighting       | 4 5 6 7 8 |  8.0
Invocations    | 4 7 10 | 10.9

Action                     |  1- 3 |  4- 6 |  7- 9 | 10-12 || total
---------------------------+-------+-------+-------+-------++-------
  Melee: Falchion          |    81 |   146 |   340 |    28 ||   595
         Scimitar          |       |       |       |   279 ||   279
 Invoke: Draw Destruction  |       |       |     3 |     2 ||     5
         Draw Escape       |       |       |     2 |       ||     2
         Draw Summoning    |       |       |     1 |     2 ||     3
         Triple Draw       |       |       |       |     3 ||     3
  Evoke: Wand              |       |     5 |     1 |       ||     6
    Use: Scroll            |     1 |    12 |     3 |     3 ||    19
   Stab: Paralysed         |       |    23 |       |       ||    23
         Distracted        |       |       |       |     1 ||     1
 Armour: Robe              |     8 |       |       |       ||     8
         Chain mail        |       |    44 |   125 |       ||   169
         Steam dragon scal |       |       |    28 |    60 ||    88
         Scale mail        |       |       |       |     4 ||     4
  Dodge: Dodged            |    55 |    74 |   349 |   431 ||   909
